 Dungeon Sprint DCSS version 0.27-a0-1456-gf5a116941d (webtiles) character file.

Game seed: 17264824977591364226

1500000 Brandom the Conqueror (level 16, -18/116 HPs)
             Began as a Vine Stalker Ice Elementalist on July 6, 2021.
             Was a Believer of Makhleb.
             Demolished by a meat berserker (57 damage)
             ... in the Dungeon (Sprint VIII: "Arena of Blood").
             The game lasted 00:01:31 (15 turns).

Brandom the Conqueror (Vine Stalker Ice Elementalist) Turns: 15, Time: 00:01:31

Health: -18/116    AC:  2    Str: 11    XL:     16   Next: 43%
Magic:  0/20       EV: 29    Int: 15    God:    Makhleb [**....]
Gold:   0          SH:  0    Dex: 22    Spells: 18/19 levels left

rFire    . . .     SeeInvis .   g - +∞ Axe of Woe
rCold    . . .     Faith    .   (shield currently unavailable)
rNeg     . . .     Spirit   +   a - +0 robe
rPois    .         Reflect  .   (no helmet)
rElec    .         Harm     .   (no cloak)
rCorr    .         Rampage  .   (no gloves)
Will     ++...     NoTele   +   (no boots)
Stlth    +++.......             (no amulet)
HPRegen  1.29/turn              (no ring)
MPRegen  0.17/turn              (no ring)

@: no status effects
A: fangs 3, regeneration 1, magic shield, antimagic bite, no potion heal 2
a: Renounce Religion, Minor Destruction


You were in the Dungeon.
You worshipped Makhleb.
Makhleb was pleased with you.
You visited 1 branch

Inventory:

Hand Weapons
 g - the +∞ Axe of Woe (weapon)
   (You found it in the Dungeon)
Armour
 a - a +0 robe (worn)
Scrolls
 f - a scroll of blinking
Potions
 b - a potion of curing {@q1}
 c - a potion of haste {@q3}
 d - 2 potions of magic
 e - a potion of berserk rage


   Skills:
 O Level 27 Fighting
 + Level 21.9 Axes
 + Level 20.4 Dodging
 - Level 2.4 Stealth
 - Level 2.1 Spellcasting
 - Level 4.0 Ice Magic


You had 18 spell levels left.
You knew the following spells:

 Your Spells              Type           Power      Damage    Failure   Level
a - Freeze                Ice            52%        1d7       4%          1

Your spell library contained the following spells:

 Spells                   Type           Power      Damage    Failure   Level
 Frozen Ramparts          Ice            26%        1d4       13%         3
 Ozocubu's Armour         Ice            13%        N/A       13%         3
 Hailstorm                Conj/Ice       7%         3d4       67%         4


Dungeon Overview and Level Annotations

Branches:
Dungeon (1/1)

Altars:
Makhleb


Innate Abilities, Weirdness & Mutations

You have razor-sharp teeth.
Your natural rate of healing is unusually fast.
When hurt, damage is shared between your health and your magic reserves.
Your bite disrupts and absorbs the magic of your enemies.
Potions cannot restore your health.


Message History

You have reached level 14!
The bag of meat shouts!
You hit the meat berserker.
You butcher the meat berserker messily.
You kill the meat berserker!
Makhleb accepts your kill.
You hear a shout! x8
A meat berserker comes into view. It is wielding a +9 battleaxe.
You hear a shout! x2
A bag of meat comes into view. It is wielding a +9 war axe.
A meat berserker comes into view. It is wielding a +9 battleaxe.
You hear a shout!
You have mastered Fighting!
Your Axes skill gained 5 levels and is now at level 17!
Your Dodging skill gained 3 levels and is now at level 15!
You have reached level 15!
Your experience leads to an increase in your attributes!
Increase (S)trength, (I)ntelligence, or (D)exterity?
You feel agile.
The bag of meat shouts!
You hit the bag of meat but do no damage.
You fatally mangle the bag of meat.
You kill the bag of meat!
Makhleb accepts your kill.
You slice the bag of meat!!
You butcher the bag of meat messily.
You kill the bag of meat!
Makhleb accepts your kill.
You can now harness Makhleb's destructive might.
You hear two shouts!
You hear a shout! x13
Your Axes skill gained 3 levels and is now at level 20!
Your Dodging skill gained 4 levels and is now at level 19!
You have reached level 16!
You feel stronger.
You slash the bag of meat!
You fatally mangle the bag of meat.
You kill the bag of meat!
Makhleb accepts your kill.
You hear a shout! x2
A bag of meat comes into view. It is wielding a +9 war axe.
You hear a shout! x5
A large bag of meat comes into view. It is wielding a +9 giant spiked club.
You hear a shout! x5
Your Axes skill increases to level 21!
Your Dodging skill increases to level 20!
You slice the bag of meat!!
You fatally mangle the bag of meat.
You kill the bag of meat!
Makhleb accepts your kill.
The bag of meat appears out of thin air!
A bag of meat comes into view. It is wielding a +9 war axe.
You hear a shout! x5
The meat berserker hits you with a +9 battleaxe!!!
You die...

#. ..# #.. ..#
.###.. ..###.
......###......
......._.......
.....#.....#....
... #_.<._# .
.....#.O)..#....
.......@o).......
..oO..o###.o..o..
..###.o ..###..
#.o ..# . #.. ..#
... ... .... ....
..O.


You could see a large bag of meat (inner flame), 2 meat berserkers and 7 bags of
meat.

Vanquished Creatures
  2 ogres (D)
  5 orcs (D)
7 creatures vanquished.

Notes
Turn   | Place    | Note
-------+----------+-------------------------------------------
     0 | D        | Found the +∞ Axe of Woe
     0 | D        | Brandom the Vine Stalker Ice Elementalist began the quest
                  | for the Orb.
     0 | D        | Reached XP level 1. HP: 9/9 MP: 4/4
     4 | D        | Became a worshipper of Makhleb the Destroyer
     5 | D        | Noticed a bag of meat
     7 | D        | Noticed a meat berserker
     7 | D        | Noticed a bag of meat
     8 | D        | Noticed a bag of meat
     9 | D        | Killed a bag of meat
     9 | D        | Noticed a meat berserker
    10 | D        | Reached skill level 23 in Fighting
    10 | D        | Reached XP level 2. HP: 40/40 MP: 6/6
    10 | D        | Reached XP level 3. HP: 45/45 MP: 7/7
    10 | D        | Gained mutation: Your natural rate of healing is unusually
                  | fast. [Vine Stalker growth]
    10 | D        | Reached XP level 4. HP: 50/50 MP: 8/8
    10 | D        | Reached XP level 5. HP: 55/55 MP: 9/9
    10 | D        | Reached XP level 6. HP: 60/60 MP: 10/10
    10 | D        | Reached XP level 7. HP: 65/65 MP: 11/11
    10 | D        | Gained mutation: You have razor-sharp teeth. [Vine Stalker
                  | growth]
    10 | D        | Reached XP level 8. HP: 70/70 MP: 12/12
    10 | D        | Reached XP level 9. HP: 75/75 MP: 13/13
    10 | D        | Reached XP level 10. HP: 81/81 MP: 14/14
    10 | D        | Reached XP level 11. HP: 85/85 MP: 15/15
    10 | D        | Reached XP level 12. HP: 91/91 MP: 16/16
    10 | D        | Noticed a bag of meat
    10 | D        | Noticed a bag of meat
    10 | D        | Noticed a bag of meat
    11 | D        | Killed a meat berserker
    11 | D        | Reached * piety under Makhleb
    11 | D        | Noticed a bag of meat
    11 | D        | Noticed a bag of meat
    11 | D        | Noticed a bag of meat
    11 | D        | Noticed a bag of meat
    12 | D        | Reached skill level 26 in Fighting
    12 | D        | Reached XP level 13. HP: 29/99 MP: 5/17
    12 | D        | Reached XP level 14. HP: 30/105 MP: 5/18
    12 | D        | Noticed a bag of meat
    12 | D        | Killed a meat berserker
    12 | D        | Noticed a meat berserker
    12 | D        | Noticed a bag of meat
    12 | D        | Noticed a meat berserker
    13 | D        | Reached skill level 27 in Fighting
    13 | D        | Reached skill level 15 in Dodging
    13 | D        | Reached XP level 15. HP: 34/111 MP: 5/19
    13 | D        | Reached ** piety under Makhleb
    14 | D        | Reached XP level 16. HP: 37/116 MP: 5/20
    14 | D        | Noticed a large bag of meat
    15 | D        | Demolished by a meat berserker

Illustrated notes

Levels and vault maps discovered:
D:        meatsprint

Skill      XL: |  1  2  3  4  5  6  7  8  9 10 11 12 13 14 15 16 |
---------------+-------------------------------------------------+-----
Fighting       | 23 26 27 | 27.0
Axes           | 12 17 20 21 | 21.9
Dodging        | 12 15 19 20 | 20.4
Stealth        | |  2.4
Spellcasting   | |  2.1
Ice Magic      | |  4.0

Action                   |  1- 3 |  4- 6 |  7- 9 | 10-12 | 13-15 | 16-18 || total
-------------------------+-------+-------+-------+-------+-------+-------++-------
Melee: Executioner's axe |     1 |       |       |     1 |     2 |     2 ||     6

Table legend: (Time is in decaauts)
 A = Elapsed time spent in this place.
 B = Non-inter-level travel time spent in this place.
 C = Inter-level travel time spent in this place.
 D = Time resting spent in this place.
 E = Time spent auto-exploring this place.
 F = Levels seen in this place.
 G = Mean time per level.
                   A        B        C        D        E       F      G
               +--------+--------+--------+--------+--------+-----+--------+
         Total |     17 |     17 |      0 |      0 |      0 |   1 |   17.0 |
       Dungeon |     17 |     17 |      0 |      0 |      0 |   1 |   17.0 |
               +--------+--------+--------+--------+--------+-----+--------+

Top non-repeatable levels by time:
       D: 17 daAuts
